 Dungeon Crawl Stone Soup version 0.24-a0-123-ga2403f3307 (webtiles) character file.

Game seed: 14370833126241886906

34 Hercules1031 the Ducker (level 3, 0/19 HPs)
             Began as a Spriggan Monk on Feb 21, 2019.
             Succumbed to an adder's poison
             ... on level 2 of the Dungeon.
             The game lasted 00:03:13 (759 turns).

Hercules1031 the Ducker (Spriggan Monk)              Turns: 759, Time: 00:03:14

Health: 0/19       AC:  3    Str:  7    XL:     3   Next: 14%
Magic:  4/4        EV: 21    Int: 11    God:
Gold:   82         SH:  0    Dex: 19    Spells: 2/2 levels left

rFire    + . .     SeeInvis +   a - +0 short sword
rCold    x . .     Gourm    .   (shield restricted)
rNeg     . . .     Faith    .   b - +1 robe
rPois    .         Spirit   .   (helmet restricted)
rElec    .         Reflect  .   (no cloak)
rCorr    .         Harm     .   (gloves unavailable)
MR       .....                  (boots unavailable)
Stlth    +++.......             (no amulet)
HPRegen  0.06/turn              d - ring of fire
MPRegen  0.09/turn              (no ring)

@: lethally poisoned (0 -> -2), hasted, very quick
A: very small, unfitting armour, see invisible, herbivore, speed 3, slow
metabolism 2
a: no special abilities


You were on level 2 of the Dungeon.
You were not hungry.

You visited 1 branch of the dungeon, and saw 2 of its levels.

You collected 82 gold pieces.

Inventory:

Hand Weapons
 a - a +0 short sword (weapon)
Armour
 b - a +1 robe (worn)
Jewellery
 d - a ring of fire (left hand)
Comestibles
 c - 3 rations


   Skills:
 + Level 2.6 Fighting
 + Level 3.6 Short Blades
 + Level 4.8 Dodging
 * Level 4.2 Stealth


You had 2 spell levels left.
You didn't know any spells.
Your spell library was empty.

Dungeon Overview and Level Annotations

Branches:
Dungeon (2/15)

Altars:


Innate Abilities, Weirdness & Mutations

You are very small and have problems with some larger weapons.
You are too small for most types of armour.
You have supernaturally acute eyesight. (SInv)
You are a herbivore.
You cover ground extremely quickly.
You need to consume almost no food.


Message History

There is a lethal amount of poison in your body!
Okay, then.
You feel more attuned to fire.
d - a ring of fire (left hand)
As you read the scroll labeled VUARGH OJONG, it crumbles to dust.
It is a scroll of enchant armour.
Your +0 robe glows green for a moment.
As you read the scroll labeled QOTIXKUEVVE, it crumbles to dust.
It is a scroll of identify.
You don't have any unidentified items.
There is a lethal amount of poison in your body!
There is a lethal amount of poison in your body!
There is a lethal amount of poison in your body!
There is a lethal amount of poison in your body!
* * * LOW HITPOINT WARNING * * *
You feel sick.
You see here a stone.
Found a stone staircase leading up.
Found 18 stones.
You die...

...............(
#######.##.###.#
#.........#.#
#####.......#.#.#
.......(.....#.#.#
..###............#
....)....(.......####.##
.............#..........
#.####.......#..@....<##
#. #<##.##.##.####### #
#.##.##.##.#
#.##.##.##.#
#.##.##.##.#
#.##[##..... #. #.


There were no monsters in sight!

Vanquished Creatures
  2 adders (D:2)
  A bat (D:1)
  3 giant cockroaches
  2 frilled lizards (D:1)
  4 goblins
  3 kobolds
  3 rats (D:1)
18 creatures vanquished.

Notes
Turn   | Place    | Note
-------+----------+-------------------------------------------
     0 | D:1      | Hercules1031 the Spriggan Monk began the quest for the Orb.
     0 | D:1      | Reached XP level 1. HP: 11/11 MP: 2/2
   161 | D:1      | Reached XP level 2. HP: 16/16 MP: 3/3
   734 | D:2      | Reached XP level 3. HP: 12/19 MP: 4/4
   759 | D:2      | Succumbed to an adder's poison

Levels and vault maps discovered:
D:1:      minmay_arrival_checkered_box, layout_basic
D:2:      layout_loops_ring, first_ration, minmay_misc_feat_more_columns

Skill      XL: |  1  2 |
---------------+-------+-----
Stealth        | 4 |  4.2
Fighting       | |  2.6
Short Blades   | |  3.6
Dodging        | |  4.8

Action                   || total
-------------------------++-------
Melee: Short sword       ||    57
  Use: Scroll            ||     2
       Potion            ||     1
 Stab: Sleeping          ||     4
Armor: Robe              ||     3
Dodge: Dodged            ||    43

Table legend:
 A = Non-vault XP
 B = Vault XP
 C = Vault XP percentage of total XP
 D = Non-vault monster count
 E = Vault monster count
 F = Vault count percentage of total count
                 A         B        C        D         E       F
            +---------+---------+-------+---------+---------+-------
      Total |      49 |       0 |   0.0 |      18 |       0 |   0.0
            +---------+---------+-------+---------+---------+-------
        D:1 |      17 |       0 |   0.0 |      12 |       0 |   0.0
        D:2 |      32 |       0 |   0.0 |       6 |       0 |   0.0
            +---------+---------+-------+---------+---------+-------
